AoeStats
← Raymckein

Black Forest

508232465Analyzed
3v3 RM · 10d ago on Sep 21, 2026· 44m 51s· 6 players
Game mode
Random Map
Map size
Normal (6 player)
Population
200
Speed
Normal
Resources
Standard
Victory
Conquest
Starting age
Dark Age
Ending age
Imperial Age
RankedLock teamsTeams togetherTeam positionsShared explorationLock speedFull tech treeHidden civsTurbo modeCheats
Victory
Defeat
🇸🇪 Britons · Sweden
781
+16
🇸🇪 Italians · Sweden
743
+17
🇦🇷 Maya · Argentina
721
+18
🇪🇸 Bohemians · Spain
800
-18
🇪🇸 Khmer · Spain
787
-18
🇪🇸 Inca · Spain
723
-15
rani
12:33 Feudal Age
16:56 Castle Age
20:45 Fletching
24:29 Gold Mining
24:35 Double-Bit Axe
25:36 Bodkin Arrow
26:35 Padded Archer Armor
29:07 Leather Archer Armor
Tommy K
0:32 Loom
12:53 Feudal Age
14:11 Wheelbarrow
13:17 Horse Collar
14:15 Double-Bit Axe
23:43 Castle Age
23:08 Stone Mining
23:10 Gold Mining
23:24 Padded Archer Armor
23:15 Fletching
25:50 Hand Cart
25:38 Heavy Plow
25:51 Bow Saw
28:31 Bodkin Arrow
30:47 Fortified Wall
30:56 Leather Archer Armor
31:49 Ballistics
36:57 Imperial Age
35:10 Gold Shaft Mining
36:34 Yeomen
37:54 Elite Longbowman
38:56 Conscription
40:07 Chemistry
39:12 Bracer
41:25 Two-Man Saw
41:03 Ring Archer Armor
xime
0:47 Loom
15:01 Feudal Age
19:03 Castle Age
18:22 Double-Bit Axe
21:28 Stone Mining
26:23 Padded Archer Armor
28:43 Horse Collar
34:31 Imperial Age
33:16 Scale Mail Armor
33:11 Eagle Warrior
35:03 Gold Mining
35:55 Conscription
35:31 Heavy Scorpion
36:56 Chain Mail Armor
40:02 Plate Mail Armor
42:48 Elite Eagle Warrior
indy
0:28 Loom
13:12 Feudal Age
13:45 Horse Collar
15:17 Double-Bit Axe
20:36 Castle Age
20:04 Stone Mining
21:36 Heavy Plow
21:48 Bow Saw
23:01 Wheelbarrow
28:47 Imperial Age
28:08 Hand Cart
28:31 Town Watch
29:45 Caravan
30:29 Gold Mining
32:36 Conscription
34:33 Light Cavalry
35:24 Bloodlines
35:42 Hussar
36:37 Forging
36:33 Scale Barding Armor
37:15 Ballistics
42:13 Crossbowman
#iNFANTES6#
1:41 Loom
13:44 Feudal Age
18:14 Castle Age
16:39 Double-Bit Axe
17:58 Horse Collar
21:18 Wheelbarrow
22:52 Bow Saw
27:08 Imperial Age
26:13 Chemistry
26:01 Fervor
26:36 Fletching
26:39 Town Watch
28:57 Two-Man Saw
30:37 Caravan
34:05 Hand Cart
33:36 Elite Skirmisher
36:12 Heavy Plow
35:49 Pikeman
36:30 Squires
37:50 Forging
37:41 Scale Mail Armor
38:27 Elite Skirmisher
39:22 Padded Archer Armor
39:17 Bodkin Arrow
39:24 Houfnice
40:52 Leather Archer Armor
41:25 Bracer
43:28 Siege Engineers
Raymckein
0:35 Loom
13:58 Feudal Age
21:55 Castle Age
21:11 Double-Bit Axe
24:59 Bow Saw
25:00 Stone Mining
33:12 Imperial Age
30:26 Elite Skirmisher
31:12 Padded Archer Armor
37:07 Murder Holes
38:55 Crossbowman
39:46 Thumb Ring
40:22 Arbalester
Connection lost

Rejoining the realm…

Still unreachable

The connection could not be restored.

Session expired

The server has moved on; the page needs a fresh start.